AoeStats
← LendaBenda

Golden Pit

508267295Analyzed
1v1 RM · 10d ago on Sep 21, 2026· 59m 33s· 2 players
Game mode
Random Map
Map size
Tiny (2 player)
Population
200
Speed
Normal
Resources
Standard
Victory
Conquest
Starting age
Dark Age
Ending age
Imperial Age
RankedLock teamsTeams togetherTeam positionsShared explorationLock speedFull tech treeHidden civsTurbo modeCheats
Victory
Defeat
🇫🇮 Tatars · Finland
1041
+16
🇨🇿 Bohemians · Czechia
1037
-16
LendaBenda
7:50 Loom
10:12 Feudal Age
11:00 Horse Collar
11:06 Double-Bit Axe
20:39 Castle Age
20:11 Fletching
20:42 Forging
21:05 Crossbowman
23:11 Bodkin Arrow
23:16 Padded Archer Armor
22:42 Pikeman
23:22 Squires
27:57 Bow Saw
28:45 Wheelbarrow
27:59 Town Watch
28:56 Heavy Plow
35:19 Imperial Age
34:01 Scale Mail Armor
34:17 Leather Archer Armor
34:39 Iron Casting
34:27 Ballistics
35:07 Chemistry
35:07 Hand Cart
35:50 Arbalester
36:13 Halberdier
40:28 Conscription
42:16 Bracer
48:07 Blast Furnace
47:25 Chain Mail Armor
Parking Pataweyo
9:51 Feudal Age
8:53 Loom
10:28 Horse Collar
13:14 Double-Bit Axe
16:24 Gold Mining
17:48 Town Watch
20:37 Castle Age
19:05 Forging
19:27 Stone Mining
22:20 Pikeman
24:51 Gold Shaft Mining
24:50 Scale Barding Armor
27:01 Heavy Plow
27:26 Silk Armor
28:41 Bloodlines
28:27 Light Cavalry
29:57 Bow Saw
30:53 Wheelbarrow
31:15 Chain Barding Armor
32:16 Hand Cart
32:24 Town Patrol
35:09 Imperial Age
32:52 Husbandry
33:14 Light Cavalry
34:14 Treadmill Crane
34:47 Masonry
36:42 Conscription
36:57 Hussar
42:03 Elite Skirmisher
42:10 Crossbowman
44:04 Ballistics
43:41 Murder Holes
45:33 Plate Barding Armor
44:49 Fletching
45:35 Iron Casting
44:25 Cavalier
45:19 Capped Ram
46:10 Onager
52:15 Siege Ram
60:41 Blast Furnace
59:37 Bodkin Arrow
59:44 Scale Mail Armor
59:53 Padded Archer Armor
Connection lost

Rejoining the realm…

Still unreachable

The connection could not be restored.

Session expired

The server has moved on; the page needs a fresh start.